Cogmind - Beta 12 @@@ ROGUE MODE // 2023.11.11 @ 17:15:53 Player: FrostySpirit Result: Destroyed by as-98050 with Assembled F-torch Performance ------------- Evolutions (0) 0 Regions Visited (2) 400 Robots Destroyed (9) 45 Value Destroyed (118) 118 Prototype IDs (0) 0 Alien Tech Used (0) 0 Bonus (0) 0 TOTAL SCORE: 563 Bonus ------- None Cogmind --------- Core Integrity 0/250 Matter 300/300 Energy 100/100 System Corruption 0% Temperature Cool (20) Movement Rolling (100) Location -10/Mines Parts ------- > --- POWER (1) -------- (None) > --- PROPULSION (2) --- Compact Wheel > --- UTILITY (2) ------ Small Storage Unit Structural Scanner > --- WEAPON (2) ------- Light Assault Rifle > --- INVENTORY (8) ---- Light Ion Engine Huge Storage Unit Terrain Scan Processor Mining Laser Mining Laser Mining Claw Mining Claw Peak State ------------ > --- POWER ------------ Light Nuclear Core > --- PROPULSION ------- Compact Wheel Compact Wheel > --- UTILITY ---------- Small Storage Unit Structural Scanner > --- WEAPON ----------- Mining Claw Mining Claw > --- INVENTORY -------- Light Ion Engine Light Ion Engine Huge Storage Unit Light Assault Rifle Light Assault Rifle Mining Laser Mining Laser [Rating: 9] Favorites ----------- Power Ion Engine Engine Ion Engine Power Core Light Nuclear Core Propulsion Compact Wheel Wheel Compact Wheel Utility Small Storage Unit Device Seismic Detector Storage Small Storage Unit Weapon Light Assault Rifle Ballistic Gun Light Assault Rifle Slashing Weapon Mining Claw Build | -11 -10 -10 ------- Run | Jun Mat Min Slots Evolved . | . . . Power . | . . . Propulsion . | . . . Utility . | . . . Weapon . | . . . Parts Attached 15 | 6 3 6 Power 2 | 1 . 1 Engine 1 | 1 . . Core 1 | . . 1 Reactor . | . . . Propulsion 4 | 2 . 2 Treads . | . . . Leg . | . . . Wheel 4 | 2 . 2 Hover . | . . . Flight . | . . . Utility 3 | 1 1 1 Device 2 | . 1 1 Storage 1 | 1 . . Processor . | . . . Hackware . | . . . Protection . | . . . Artifact . | . . . Weapon 6 | 2 2 2 Energy Gun . | . . . Energy Cannon . | . . . Ballistic Gun 4 | 2 . 2 Ballistic Cannon . | . . . Launcher . | . . . Special Weapon . | . . . Impact Weapon . | . . . Slashing Weapon 2 | . 2 . Piercing Weapon . | . . . Special Melee Weapon . | . . . Unidentified Prototypes . | . . . Parts Lost 7 | . 1 6 Power 2 | . . 2 Propulsion 3 | . . 3 Utility 1 | . 1 . Weapon 1 | . . 1 Highest Loss Streak 3 | . 1 3 To Critical Strikes . | . . . Average Slot Usage (%) 93 | . 96 88 Engine 8 | . 14 1 Core 4 | . . 9 Wheel 27 | . 28 26 Device 10 | . 10 9 Storage 14 | . 14 14 Ballistic Gun 16 | . 20 11 Slashing Weapon 11 | . 7 16 Naked Turns . | . . . Heaviest Build 15 | 12 15 15 Greatest Support 32 | 32 32 32 Greatest Overweight (x) . | . . . Average Overweight (x) . | . . . Largest Inventory Capacity 8 | 8 8 8 Average Capacity 7 | 6 8 8 Most Carried 8 | 1 8 8 Average Carried 5 | . 4 7 Final Capacity 8 | 8 8 8 Final Carried 8 | 1 8 7 Class Distribution -------------------- 100% | Mutant Dominant Class ---------------- Mutant | -10/Materials Mutant | -10/Mines Resources | -11 -10 -10 ----------- Run | Jun Mat Min Matter Collected 341 | 223 . 118 Remotely . | . . . Salvage Created 242 | . . 242 Parts 22 | . . 22 Haulers Intercepted . | . . . Recyclers Shooed . | . . . Parts Field Recycled . | . . . Retrieved Matter . | . . . Parts Self-Destructed . | . . . Prevented . | . . . Kills | -11 -10 -10 ------- Run | Jun Mat Min Combat Hostiles Destroyed 7 | . . 7 Melee 1 | . . 1 Guns 6 | . . 6 Classes Destroyed 4 | . . 4 Builder 1 | . . 1 Recycler 1 | . . 1 Swarmer 6 | . . 6 Grunt 1 | . . 1 Best Kill Streak 6 | . . 6 Combat Bots Only 6 | . . 6 Max Kills in Single Turn 1 | . . 1 Gunslinging . | . . . Exploded . | . . . Melee 1 | . . 1 Uniques/NPCs Destroyed . | . . . Combat | -11 -10 -10 -------- Run | Jun Mat Min Damage Taken 749 | . 119 630 Core 254 | . 47 207 Absorbed by Shields . | . . . Core Remaining (%) 100 | 100 . . Volleys Fired 8 | . . 8 Largest 2 | . . 2 Hottest 40 | . . 40 Shots Fired 16 | . . 16 Gun 16 | . . 16 Cannon . | . . . Launcher . | . . . Special . | . . . Kinetic 16 | . . 16 Thermal . | . . . Explosive . | . . . Electromagnetic . | . . . Robot Hit Streak 9 | . . 9 Robot Miss Streak 2 | . . 2 Penetration Max . | . . . Secondary Targets 2 | . . 2 Max Gunslinging Chain 1 | . . 1 Shots Hit Robots 20 | . . 20 Core Hits 12 | . . 12 Critical Kills . | . . . Critical Parts Destroyed . | . . . Critical Strikes . | . . . Melee Attacks 25 | . 7 18 Impact . | . . . Slashing 25 | . 7 18 Piercing . | . . . Sneak Attacks 4 | . . 4 Combat Hostiles . | . . . Follow-up Attacks 3 | . . 3 Damage Inflicted 355 | . . 355 Guns 97 | . . 97 Cannons . | . . . Explosions . | . . . Melee 258 | . . 258 Ramming . | . . . Kinetic 97 | . . 97 Thermal . | . . . Explosive . | . . . Electromagnetic . | . . . Impact . | . . . Slashing 258 | . . 258 Piercing . | . . . Highest Corruption . | . . . Average Corruption . | . . . Corruption Purged . | . . . Corruption Blocked . | . . . Overload Shots . | . . . Overflow Damage 12 | . . 12 Projectiles . | . . . Explosions . | . . . Melee 12 | . . 12 Knockbacks . | . . . Impact . | . . . Kinetic . | . . . Secondary . | . . . Self-Inflicted Damage . | . . . Shots . | . . . Rammed . | . . . Targets Rammed . | . . . Kicked . | . . . Crushed . | . . . Highest Temperature 8 | . . 8 Average Temperature 3 | . . 3 Received Heat Transfer 280 | . 66 214 Siege Activations . | . . . Robots Corrupted . | . . . Combat Hostiles . | . . . Parts Fried . | . . . Impact Corruptions . | . . . Robots Melted . | . . . Combat Hostiles . | . . . Parts Melted . | . . . Heat Transferred . | . . . Parts Sabotaged . | . . . Parts Stolen . | . . . Parts Stripped . | . . . Power Chain Reactions . | . . . Missiles Intercepted . | . . . Alert | -11 -10 -10 ------- Run | Jun Mat Min Peak Influence 236 | . 34 236 Initial 9 | . . 9 Average 43 | . 3 106 Maximum Alert Level 1 | . . 1 Low Security (%) 88 | 100 100 70 Level 1 11 | . . 29 Level 2 . | . . . Level 3 . | . . . Level 4 . | . . . Level 5 . | . . . High Security . | . . . Max Security . | . . . Squads Dispatched 1 | . 1 . Investigation . | . . . Extermination . | . . . Reinforcement 1 | . 1 . Assault . | . . . Garrison . | . . . Intercept . | . . . Searches Triggered . | . . . Construction Impeded . | . . . Haulers Reinforced . | . . . Active Scanning Responses . | . . . Cargo Convoy Interrupts . | . . . Stealth | -11 -10 -10 --------- Run | Jun Mat Min Distress Signals . | . . . Communications Jammed . | . . . Distress Signals . | . . . Times Spotted 26 | . 5 21 Peak Tracking Total 14 | . 5 14 Tactical Retreats 3 | . . 3 Traps | -11 -10 -10 ------- Run | Jun Mat Min Traps Triggered . | . . . Indirectly . | . . . Trap Hack Attempts . | . . . Triggered . | . . . Disarmed . | . . . Reprogrammed . | . . . Reused . | . . . Traps Extracted . | . . . Installed . | . . . Triggered . | . . . Machines | -11 -10 -10 ---------- Run | Jun Mat Min Machines Disabled . | . . . Max in Single Turn . | . . . Machines Repaired . | . . . Machines Sabotaged . | . . . Overloaded Fab Kills . | . . . Hacking | -11 -10 -10 --------- Run | Jun Mat Min Machines Accessed 1 | . 1 . Terminals 1 | . 1 . Fabricators . | . . . Repair Stations . | . . . Recycling Units . | . . . Scanalyzers . | . . . Garrison Access . | . . . Total Hacks 2 | . 2 . Successful 1 | . 1 . Failed 1 | . 1 . Catastrophic . | . . . Database Lockouts . | . . . Manual 1 | . 1 . Terminals 2 | . 2 . Fabricators . | . . . Repair Stations . | . . . Recycling Units . | . . . Scanalyzers . | . . . Garrison Access . | . . . Terminal Hacks . | . . . Fabricator Hacks . | . . . Repair Station Hacks . | . . . Recycling Unit Hacks . | . . . Scanalyzer . | . . . Garrison Access Hacks . | . . . Unauthorized Hacks 1 | . 1 . Terminals 1 | . 1 . Track 1 | . 1 . Fabricators . | . . . Repair Stations . | . . . Recycling Units . | . . . Scanalyzers . | . . . Garrison Access . | . . . Data Cores Recovered . | . . . Used . | . . . Hacking Detections 1 | . 1 . Full Trace Events . | . . . Feedback Events . | . . . Feedback Blocked . | . . . Robot Schematics Acquired . | . . . Robots Built . | . . . Authchips . | . . . Time . | . . . Total Robot Build Rating . | . . . Part Schematics Acquired . | . . . Parts Built . | . . . Authchips . | . . . Time . | . . . Total Part Build Rating . | . . . Parts Repaired . | . . . Time . | . . . Parts Recycled . | . . . Recycled Matter . | . . . Retrieved Matter . | . . . Retrieved Components . | . . . Parts Scanalyzed . | . . . Part Schematics Acquired . | . . . Parts Damaged . | . . . Bothacking | -11 -10 -10 ------------ Run | Jun Mat Min Used RIF Installer . | . . . Robots Hacked . | . . . Non-combat . | . . . Combat . | . . . Robot Hacks Applied . | . . . Relay Couplers Released . | . . . Fabnet Peak Effective % . | . . . Robots Rewired . | . . . Allies Hacked . | . . . Hacks Repelled . | . . . Allies | -11 -10 -10 -------- Run | Jun Mat Min Total Allies . | . . . Largest Group . | . . . Highest-Rated Group . | . . . Highest-Rated Ally . | . . . Total Orders . | . . . Ally Attacks . | . . . Total Damage . | . . . Kills . | . . . Allies Corrupted . | . . . Allies Melted . | . . . Intel | -11 -10 -10 ------- Run | Jun Mat Min Robot Analysis Total . | . . . Derelict Logs Recovered 1 | . . 1 Drone Launches . | . . . Drone Recoveries . | . . . Exploration | -11 -10 -10 ------------- Run | Jun Mat Min Turns Passed 701 | 69 355 277 Spaces Moved 561 | 64 297 200 Core 37 | 37 . . Treads . | . . . Legs . | . . . Wheels 524 | 27 297 200 Hover . | . . . Flight . | . . . Fastest Speed 50 | 50 100 100 Average Speed 96 | 71 100 100 Slowest Speed 100 | 100 100 100 Overloaded Moves . | . . . Propulsion Burnouts . | . . . Robots Hopped . | . . . Cave-ins Triggered . | . . . Exploration Rate (%) 33 | 4 40 55 Regions Visited 2 Branch Regions 1 Pre-discovered Areas . | . . . Known Exits Taken . | . . . Unknown Exits Taken 2 | 1 1 . Scrap Searched . | . . . Spaces Dug 9 | . 5 4 Terrain Destroyed 9 | . 5 4 Melee 9 | . 5 4 Projectile . | . . . AOE . | . . . Terrain Rammed . | . . . Walls Destroyed . | . . . Machines Disabled . | . . . Actions | -11 -10 -10 --------- Run | Jun Mat Min Total 659 | 84 341 234 Wait 47 | 14 29 4 Move 559 | 63 296 200 Hop . | . . . Pick Up 10 | 1 7 2 Fast Attach 9 | 6 1 2 Attach 2 | . . 2 Detach . | . . . Swap 4 | . 2 2 Drop 1 | . . 1 Fire 8 | . . 8 Melee 19 | . 6 13 Ram . | . . . Kick . | . . . Crush . | . . . Escape Stasis . | . . . Rewire . | . . . Trap . | . . . Miscellaneous . | . . . Route ------- -11/Junkyard -10/Materials -10/Mines (discovered 1 exit: [*Mat]) History --------- Turn | Location | Event 3 | -11/Junkyard | Discovered new exit (range 15) 70 | -11/Junkyard | Entered Materials 302 | -10/Materials | Build established: Mutant 417 | -10/Materials | Discovered new exit (range 6) 425 | -10/Materials | Entered Mines 445 | -10/Mines | Discovered new exit (range 10) 446 | -10/Mines | Learned Materials terminal intel 585 | -10/Mines | Core integrity fell below 50% 662 | -10/Mines | Core integrity fell below 20% 691 | -10/Mines | Assembled infested the area 702 | -10/Mines | Destroyed by as-98050 with Assembled F-torch Last Messages --------------- 00587_ S-10 Pest destroyed. 00587_ Switching to secondary target: S-10 Pest. 00597_ S-10 Pest destroyed. 00597_ Switching to secondary target: S-10 Pest. 00599_ S-10 Pest destroyed. 00604_ Acquired 19 matter. 00605_ K-01 Serf collects debris. 00606_ Acquired 9 matter. 00608_ K-01 Serf collects debris. 00611_ S-10 Pest destroyed. 00626_ Acquired 8 matter. 00635_ T-07 Excavator is excavating. 00660_ Com. Wheel destroyed. 00666_ T-07 Excavator is excavating. 00686_ K-01 Serf collects debris. 00691_ ALERT: Infestation in the mines, dispatching Demolisher response squad. 00699_ Lgt. Assault Rifle destroyed. 00701_ Com. Wheel destroyed. 00702_ Lgt. Nuclear Core destroyed. Map ----- +----------------------------------------------------+ | ###?###### ##?????## ####???? | | = ####??##### ##?????## ##?????? | | % ####??????## ###????## ##?????? | | # ###?????#### ####??### ######?? | | ## ##????##### ######## ######?? | | ### ##???#### ###### ##?? | | #### ###???### ##?? | | ########???## ##?? | | ?######????## """ #### """ ##?? | | ??????????## """ #### """ ##?? | | ??????????## """ ##### """ ##?? | | ??????????### ##############?? | | ??????????### g #############?? | | ?????? ##### ##????????????? | | ???????## #### ###???????????? | | ???????## ####??????????? | | ???????######## ###??????????? | | ??????? ########## ##??????????? | | ?????????????###### ##??????????? | | ????????????????### ###??????????? | | ?????????????????## ###??????????? | | ?????????????????### ###?????????? | | ?????????????????#### ##########??? | | ??????????????????#### #### ###??? | | ???????????????????#### ##??? | | ????????????????????####a@a ###??? | | ?????????????????????### ###???? | | ??????????????????????## ####???? | | ??????????????????????## ########????? | | ??????????????????????##aa#######?????? | | ??????????????????????## a##??????????? | | ??????????????????????##aa##??????????? | | ??????????????????????##aa##??????????? | | ??????????????????????## ??????????? | | ??????????????????????## ??????????? | | ??????????????????????######??????????? | | ??????????????????????######??????????? | | ??????????????????????????????????????? | | ??????????????????????????????????????? | | ??????????????????????????????????????? | | ??????????????????????????????????????? | | ??????????????????????????????????????? | | ??????????????????????????????????????? | | ??????????????????????????????????????? | | ??????????????????????????????????????? | | ??????????????????????????????????????? | | ??????????????????????????????????????? | | ??????????????????????????????????????? | | ??????????????????????????????????????? | | ??????????????????????????????????????? | +----------------------------------------------------+ Best States ------------- Heat Dissipation 25 Energy Generation 14 Energy Capacity 250 Matter Stores 300 Matter Capacity 300 Sight Range 16 Terrain Scan Density 10 Evasion (%) 50 Item Schematics ----------------- None Robot Schematics ------------------ None Fabricated ------------ Nothing Alien Tech Used ----------------- None Achievements -------------- None Challenges ------------ None Game ------ Seed MachineSpacefoldMatter Manual? 0 Play Time 00:10:44 Cumulative 35.5 hours Start 2023.11.11 @ 17:08:17 End 2023.11.11 @ 17:15:53 Sessions 1 Manual Loads 0 Difficulty Rogue Special Mode None Game No. 59 Rogue 59 Adventurer 0 Explorer 0 Win Type - Total 0 Types 0/0/0/0/0/0/0/0/0 Lore% 25 Gallery% 40 Achievement% 27 Wizard Run 0 Options --------- ASCII 0 Keyboard 1 Movement Numpad Keybinds 0 Fullscreen 1 Font 18/TerminusBold Map View 76x50 Tactical HUD 1 Map Filters NONE Filters NONE Steam 1 RUN: a405b79a-8780-45b5-8db3-8ea747f81a2c